 Dungeon Crawl Stone Soup version 0.16-a0-1120-gd281f79 (webtiles) character file.

158780 MackTheKnife the Imperceptible (level 17, -2/129 HPs)
             Began as a Vampire Enchanter on Oct 6, 2014.
             Was the Champion of Makhleb.
             Slain by a greater naga (4 damage)
             ... on level 5 of the Snake Pit.
             The game lasted 02:55:52 (38979 turns).

MackTheKnife the Imperceptible (Vampire Enchanter) Turns: 38979, Time: 02:55:52

Health: -2/129     AC: 12    Str:  7    XL:     17   Next: 15%
Magic:  40/40      EV: 25    Int: 24    God:    Makhleb [******]
Gold:   239        SH:  6    Dex: 24    Spells: 4 memorised, 15 levels left

rFire  + + .     SeeInvis +     a - +4 demon blade (vamp)
rCold  + . .     Clarity  .     w - +3 leather armour {rF+}
rNeg   + . .     SustAb   .     C - +0 buckler
rPois  +         Gourm    .     n - +0 helmet
rElec  .         Spirit   .     K - +0 cloak {rPois}
rCorr  .         Warding  .     Q - +2 pair of gloves {rF+}
rMut   .         Stasis   .     o - +0 pair of boots
MR     +....                    (no amulet)
Stlth  +++++++++.               g - ring of Jaanuocw {MP+9 Dex+5 Int+3}
                                k - +4 ring of dexterity

@: about to teleport, slowed, constricted, very slow, somewhat resistant to
hostile enchantments, incredibly stealthy
A: bottle blood, fangs 3, see invisible, cold resistance 1, unbreathing
a: Bat Form, Bottle Blood, Minor Destruction, Lesser Servant of Makhleb, Major
Destruction, Greater Servant of Makhleb, Renounce Religion


You were on level 5 of the Snake Pit.
You worshipped Makhleb.
Makhleb was exalted by your worship.
You were not thirsty.

You visited 6 branches of the dungeon, and saw 32 of its levels.
You visited the Abyss 1 time.
You also visited: Sewer, Ossuary and Volcano.

You collected 4313 gold pieces.
You spent 4074 gold pieces at shops.


Innate Abilities, Weirdness & Mutations

You can bottle blood from corpses.
You have razor-sharp teeth.
You have supernaturally acute eyesight.
You can survive without breathing.
Your flesh is cold resistant.


   Skills:
 - Level 10.4 Fighting
 - Level 8.6(12.1) Short Blades
 + Level 12.4(13.2) Long Blades
 - Level 13.2 Dodging
 - Level 21.0 Stealth
 - Level 5.1 Shields
 - Level 7.0 Spellcasting
 - Level 15.3 Hexes
 - Level 10.0 Invocations


You had 15 spell levels left.
You knew the following spells:

 Your Spells              Type           Power        Failure   Level  Hunger
q - Mass Confusion        Hex            ######....   1%          6    ######.
r - Enslavement           Hex            ######..     1%          4    ###....
x - Confuse               Hex            ######..     1%          3    None
z - Ensorcelled Hibernat  Hex/Ice        #####.       1%          2    None

Inventory:

Hand weapons
 a - a +4 vampiric demon blade (weapon)
 b - a +0 blowgun
 v - a +4 cutlass of flaming
Missiles
 u - 6 poisoned needles
Armour
 n - a +0 helmet (worn)
 o - a +0 pair of boots (worn)
 w - a +3 leather armour of fire resistance (worn)
 A - the +2 shield of Resistance {rF+ rC+ MR+}
   (You took it off Donald on level 2 of the Shoals)

   It protects you from fire.
   It protects you from cold.
   It affects your resistance to hostile enchantments.
 C - a +0 buckler (worn)
 K - a +0 cloak of poison resistance (worn)
 Q - a +2 pair of gloves of fire resistance (worn)
Magical devices
 e - a wand of heal wounds (0)
 h - a wand of hasting (5)
 s - a wand of digging (19)
 t - a wand of disintegration (18)
 y - a wand of flame (19)
 z - a wand of polymorph (0)
 G - a wand of digging (0)
 S - a wand of hasting (5)
 V - a wand of hasting (3)
Scrolls
 f - a scroll of remove curse
 i - 3 scrolls of teleportation
 x - 3 scrolls of recharging
 D - 4 scrolls of vulnerability
 I - 2 scrolls of identify
 M - 3 scrolls of fog
 R - 2 scrolls of enchant armour
 U - a scroll of blinking
 W - a scroll of fear
 X - a scroll of magic mapping
Jewellery
 c - the amulet of Econidoi {rMut Slay+4}
   (You bought it in a shop on level 4 of the Orcish Mines)

   [amulet of resist mutation]

   It protects you from mutation.
   It affects your accuracy and damage with ranged weapons and melee attacks
   (+4).
 g - the ring of Jaanuocw (right hand) {MP+9 Dex+5 Int+3}
   (You bought it in a shop on level 4 of the Orcish Mines)

   [ring of magical power]

   It affects your intelligence (+3).
   It affects your dexterity (+5).
   It affects your magic capacity (+9).
 k - a +4 ring of dexterity (left hand)
 H - an uncursed amulet of regeneration
Potions
 d - 2 potions of flight
 j - a potion of invisibility
 l - 4 potions of resistance
 m - a potion of restore abilities
 p - 2 potions of magic
 r - a potion of curing
 E - 2 potions of brilliance
 F - 3 potions of mutation {!q}
 J - 3 potions of agility
 L - a potion of cancellation
 N - 4 potions of haste
Books
 B - a Necronomicon {highlevel}

   This book is beyond your current level of understanding.

   Spells                             Type                      Level
   Haunt                              Necromancy/Summoning         7
   Borgnjor's Revivification          Necromancy                   8
   Death's Door                       Charms/Necromancy            8
   Necromutation                      Transmutation/Necromancy     8
 T - a book of Conjurations

   Spells                             Type                      Level
   Magic Dart                         Conjuration                  1
   Searing Ray                        Conjuration                  2
   Dazzling Spray                     Conjuration/Hexes            3
   Fulminant Prism                    Conjuration/Hexes            4
   Iskenderun's Mystic Blast          Conjuration                  4
   Iskenderun's Battlesphere          Conjuration/Charms           5
Magical staves
 O - an uncursed staff of cold {unknown}
Miscellaneous
 q - a lamp of fire (inert)
 P - a fan of gales

···[·)···▒·····▒▒▒▒▒
)······53··▒····▒
▒·······▒▒▒·▒▒((▒
▒▒·≈≈≈·▒▒ ▒▒▒▒)·▒▒
▒▒≈≈≈▒▒≈≈ ▒▒))▒▒
▒▒▒▒▒≈≈≈≈ ▒▒··▒
···≈≈ ▒#·▒
≈≈≈·≈≈≈▒▒▒NN▒
≈≈≈····)NSV▒▒
≈≈≈≈·≈≈%)2▒▒
≈≈≈·≈2≈▒▒▒ ≈≈≈·)▒▒
≈≈≈·· ··· ▒


You could see a cacodemon, a greater naga, a guardian serpent, 2 nagas and a
friendly balrug.


Message History

Your balrug hits the naga mage with a demon whip of flaming!!
The naga mage is engulfed in flames!!
Your balrug burns the naga mage.
The naga mage dies!
Makhleb accepts your collateral kill.
You hear a splash.
The naga spits poison at you. The splash of poison misses you.
The guardian serpent hits you.
* * * LOW HITPOINT WARNING * * *
Unknown command.
Evoke which item? (* to show all) (? for menu, Esc to quit)
This wand has no charges.
Unknown command.
Read which item? (? for menu, Esc to quit)
Okay, then.
Drink which item? (? for menu, Esc to quit)
You feel better.
The greater naga points at you and mumbles some strange words.
The bolt of poison misses you.
The bolt of poison hits the cacodemon.
* * * LOW HITPOINT WARNING * * *
The greater naga constricts you.
You block the guardian serpent's attack.
The fireball explodes!
The fireball engulfs the guardian serpent.
The fireball engulfs the naga.
The fireball engulfs you! You resist.
* * * LOW HITPOINT WARNING * * *
The fireball engulfs the cacodemon.
The fireball engulfs the naga.
The cacodemon misses you. The cacodemon closely misses you.
The greater naga hits you!!
* * * LOW HITPOINT WARNING * * *
You die...

Action                   |  1- 3 |  4- 6 |  7- 9 | 10-12 | 13-15 | 16-18 || total
-------------------------+-------+-------+-------+-------+-------+-------++-------
Melee: Dagger            |   104 |   625 |   421 |   438 |       |       ||  1588
       Cutlass           |       |       |       |   402 |  1608 |   382 ||  2392
       Demon blade       |       |       |       |       |       |   523 ||   523
 Fire: Blowgun           |       |     4 |     2 |       |     6 |     8 ||    20
 Cast: Corona            |     3 |       |       |       |       |       ||     3
       Ensorcelled Hiber |    10 |    31 |    51 |    99 |    63 |     6 ||   260
       Confuse           |       |    15 |    42 |    82 |   217 |    28 ||   384
       Enslavement       |       |       |       |    50 |    63 |    18 ||   131
       Mass Confusion    |       |       |       |       |    78 |    19 ||    97
Invok: Lesser Servant of |       |       |       |       |    17 |     1 ||    18
       Greater Servant o |       |       |       |       |     3 |     5 ||     8
 Abil: End Transformatio |       |       |     1 |     1 |     1 |       ||     3
       Bat Form          |       |       |     1 |     1 |     1 |       ||     3
       Bottle Blood      |       |       |       |     4 |     1 |     4 ||     9
Evoke: Wand              |       |     1 |     6 |    10 |    17 |    12 ||    46
       Fan of gales      |       |       |       |       |     1 |     1 ||     2
       Lamp of fire      |       |       |       |       |       |     1 ||     1
  Use: Scroll            |     1 |     5 |    11 |     9 |    29 |    18 ||    73
       Potion            |       |       |     4 |     5 |    16 |    11 ||    36
 Stab: Sleeping          |    13 |    28 |    57 |    95 |    92 |    34 ||   319
       Confused          |       |     7 |    19 |    49 |   142 |    31 ||   248
       Betrayed ally     |       |       |       |     5 |     4 |     1 ||    10
       Distracted        |       |       |       |     1 |    10 |    11 ||    22
       Fleeing           |       |       |       |       |     3 |       ||     3
       Invisible         |       |       |       |       |       |     6 ||     6
  Eat: Corpse            |     6 |    15 |    15 |    37 |    80 |    27 ||   180

Vault maps used:
D:1:      lightli_arrival_maybe_door_vault
D:2:      grunt_temple_overflow_open, old_standard_altar, old_standard_altar,
          cheibriados_altar_wand_db
D:3:      serial_bayou_pond_e
D:4:      lemuel_coloured_pillars_altar, gammafunk_temple_overflow_wave,
          minmay_temple_entry_glass, gup_sewer_entry_spiral, uniq_purgy,
          uniq_pikel
D:5:      first_bread, uniq_duvessa
D:6:      grunt_ministairs_10
D:7:      uniq_crazy_yiuf_cottage
D:8:      nicolae_ossuary_entry_ruins
D:9:      hangedman_tell_no_tales, fedhas_altar_2
D:10:     orc_0_dummy, david_lair_generic, kennysheep_generic_room_4
Orc:1:    special_room, uniq_prince_ribbit1
Orc:2:    serial_shops, shop
Orc:3:    nicolae_orc_pool_cavern, roderic_batcave
Orc:4:    serial_shops, nicolae_shop_statue_plus, grunt_orc_gardens,
          grunt_orc_garden, grunt_orc_garden, grunt_orc_garden,
          grunt_orc_garden, bloody_trog
Elf:1:    hangedman_elf_disciples, lemuel_flamethrower_1, uniq_asterion
Lair:1:   serial_bayou_pond_b, lemuel_fruit_tree, infiniplex_staircase_pool
Lair:3:   nicolae_volcano_entry_batcave, st_stairs_7, pf_torpor_hydra,
          uniq_gastronok
Lair:4:   uniq_rupert, uniq_nergalle
Lair:5:   worms_lemuel
Lair:6:   elwin_shoals_entry_stream, guppyfry_snake_entry_island,
          grunt_megastairs_3
Lair:7:   pond_and_an_island_with_a_cottage, slime_dummy
Lair:8:   evil_forest
Shoals:1: nicolae_shoals_flooded_hall
Shoals:2: uniq_donald
Shoals:3: serial_shops, nicolae_shop_temple_entry_statues_fountains
Snake:1:  serial_shops, nicolae_shop_trees, shop,
          nicolae_snake_salamander_stairs, serial_bayou_shore_a
Snake:2:  serial_shops, shop, nicolae_coiled_stairwell_up
Snake:4:  minmay_snake_river, uniq_aizul
Snake:5:  grunt_snake_rune_pools, st_stairs_4
Sewer:    sewer_co_scattered_pipes
Ossuary:  ossuary_minmay_tomb_2a
Volcano:  volcano_grotto

Notes
Turn   | Place    | Note
--------------------------------------------------------------
     0 | D:1      | MackTheKnife, the Vampire Enchanter, began the quest for the Orb.
     0 | D:1      | Reached XP level 1. HP: 13/13 MP: 3/3
   260 | D:1      | Reached XP level 2. HP: 14/19 MP: 2/4
   264 | D:1      | Learned a level 2 spell: Ensorcelled Hibernation
   387 | D:1      | Reached skill level 5 in Hexes
   485 | D:1      | Reached skill level 5 in Stealth
  1124 | D:1      | Reached XP level 3. HP: 24/24 MP: 6/6
  1129 | D:1      | Learned a level 3 spell: Confuse
  1306 | D:2      | Found a shimmering altar of Xom.
  1498 | D:2      | Found a snail-covered altar of Cheibriados.
  1569 | D:2      | Reached XP level 4. HP: 28/30 MP: 8/8
  1614 | D:2      | Found a shattered altar of Ashenzari.
  1759 | D:2      | Reached skill level 6 in Hexes
  1915 | D:2      | Found a blossoming altar of Fedhas.
  1916 | D:2      | Found a snail-covered altar of Cheibriados.
  2441 | D:3      | Reached skill level 3 in Spellcasting
  2864 | D:4      | Reached XP level 5. HP: 31/35 MP: 6/11
  2883 | D:4      | Noticed a slave
  2887 | D:4      | Noticed a slave
  2888 | D:4      | Noticed Pikel
  2889 | D:4      | Noticed a slave
  2905 | D:4      | Killed a slave
  3025 | D:4      | Found a burning altar of Makhleb.
  3033 | D:4      | Became a worshipper of Makhleb the Destroyer
  3049 | D:4      | Noticed a slave
  3244 | D:4      | Killed a slave
  3286 | D:4      | Noticed Purgy
  3312 | D:4      | Killed Purgy
  3312 | D:4      | Reached skill level 6 in Stealth
  3312 | D:4      | Reached skill level 7 in Hexes
  3429 | D:4      | Reached XP level 6. HP: 41/41 MP: 12/12
  3464 | D:4      | Found a glowing drain.
  3470 | Sewer    | Entered a sewer
  3811 | Sewer    | Reached skill level 7 in Stealth
  4158 | Sewer    | Reached skill level 8 in Hexes
  4504 | D:4      | Acquired Makhleb's first power
  4833 | D:4      | Reached skill level 8 in Stealth
  4836 | D:4      | Reached XP level 7. HP: 32/46 MP: 3/14
  4848 | D:4      | Reached skill level 9 in Hexes
  5041 | D:4      | Found a staircase to the Ecumenical Temple.
  5126 | D:4      | Noticed TomPliss' ghost (experienced TrGl)
  5308 | D:4      | Found a sacrificial altar of Ru.
  5308 | D:4      | Found a white marble altar of Elyvilon.
  5349 | D:4      | Reached skill level 2 in Short Blades
  5355 | D:4      | Reached skill level 9 in Stealth
  6403 | D:4      | Acquired Makhleb's second power
  6482 | D:4      | Killed a slave
  6486 | D:4      | Killed a slave
  6654 | D:5      | Entered Level 5 of the Dungeon
  6683 | D:5      | Reached skill level 3 in Short Blades
  6740 | D:5      | Reached skill level 10 in Stealth
  6793 | D:5      | Learned a level 4 spell: Enslavement
  6798 | D:5      | Reached skill level 4 in Short Blades
  6816 | D:5      | Reached XP level 8. HP: 52/52 MP: 16/16
  7171 | D:5      | Noticed Duvessa
  7197 | D:5      | Reached skill level 5 in Short Blades
  7203 | D:5      | Killed Duvessa
  7203 | D:5      | Reached skill level 11 in Stealth
  8005 | D:6      | Reached skill level 6 in Short Blades
  8016 | D:7      | Noticed Ololoev's ghost (experienced OpIE)
  8029 | D:7      | Killed Ololoev's ghost
  8029 | D:7      | Reached skill level 4 in Dodging
  8029 | D:7      | Reached skill level 12 in Stealth
  8029 | D:7      | Reached XP level 9. HP: 57/57 MP: 9/17
  8376 | D:7      | Reached skill level 13 in Stealth
  8491 | D:7      | Reached skill level 5 in Dodging
  8578 | D:7      | Noticed Crazy Yiuf
  8584 | D:7      | Killed Crazy Yiuf
  8706 | D:7      | Acquired Makhleb's third power
  8706 | D:7      | Reached skill level 6 in Dodging
  9029 | D:8      | Got a dazzling ring mail
  9052 | D:8      | Reached skill level 14 in Stealth
  9201 | D:8      | Found a sand-covered staircase.
  9210 | Ossuary  | Entered an ossuary
  9338 | Ossuary  | Reached skill level 1 in Fighting
  9516 | Ossuary  | Identified the +1 ring mail "Hurgh" {Slay+3} (You found it on level 8 of the Dungeon)
  9601 | D:8      | Reached skill level 2 in Fighting
  9601 | D:8      | Reached skill level 7 in Dodging
  9733 | D:8      | Acquired Makhleb's fourth power
  9733 | D:8      | Reached skill level 3 in Fighting
  9898 | D:8      | Reached XP level 10. HP: 70/70 MP: 18/18
 10226 | D:9      | Reached skill level 8 in Dodging
 10337 | D:9      | Reached skill level 4 in Fighting
 10555 | D:9      | Found a blossoming altar of Fedhas.
 10943 | D:8      | Reached skill level 5 in Fighting
 11223 | D:5      | Noticed Dowan
 11235 | D:5      | Killed Dowan
 11404 | D:10     | Entered Level 10 of the Dungeon
 11418 | D:10     | Noticed a hill giant
 11439 | D:10     | Killed a hill giant
 11562 | D:10     | Reached skill level 6 in Fighting
 11674 | D:10     | Acquired Makhleb's fifth power
 11851 | D:10     | Noticed a death yak
 11852 | D:10     | Found a staircase to the Lair.
 11852 | D:10     | Noticed an elephant
 12051 | D:10     | Found a staircase to the Orcish Mines.
 12118 | D:10     | Reached skill level 10 in Hexes
 12190 | D:10     | Reached skill level 4 in Spellcasting
 12209 | D:10     | Noticed a cyclops
 12233 | D:10     | Killed a cyclops
 12624 | Lair:1   | Entered Level 1 of the Lair of Beasts
 12641 | Lair:1   | Reached skill level 5 in Spellcasting
 12661 | Lair:1   | Reached skill level 11 in Hexes
 12763 | Lair:1   | Reached XP level 11. HP: 81/81 MP: 23/23
 12826 | Lair:1   | Noticed an eight-headed hydra
 12833 | Lair:1   | Killed an eight-headed hydra
 13182 | Lair:1   | Reached skill level 6 in Spellcasting
 13188 | Lair:1   | Reached skill level 12 in Hexes
 13242 | Lair:1   | Reached skill level 1 in Invocations
 13286 | Lair:1   | Reached skill level 2 in Invocations
 13767 | Lair:2   | Reached skill level 3 in Invocations
 14127 | Lair:2   | Reached skill level 4 in Invocations
 14395 | Lair:2   | Reached skill level 5 in Invocations
 14480 | Lair:2   | Noticed a five-headed hydra
 14487 | Lair:2   | Killed a five-headed hydra
 14890 | Lair:2   | Reached skill level 6 in Invocations
 14941 | Lair:3   | Noticed Gastronok
 14954 | Lair:3   | Killed Gastronok
 14954 | Lair:3   | Reached skill level 7 in Invocations
 15027 | Lair:3   | Found a dark tunnel.
 15050 | Volcano  | Entered a volcano
 15171 | Volcano  | Found a radiant altar of Vehumet.
 15171 | Volcano  | Noticed a centaur warrior
 15173 | Volcano  | Killed a centaur warrior
 15173 | Volcano  | Reached skill level 8 in Invocations
 15173 | Volcano  | Reached XP level 12. HP: 88/88 MP: 25/25
 15985 | Lair:3   | Noticed a seven-headed hydra
 16013 | Lair:3   | Killed a six-headed hydra
 16013 | Lair:3   | Reached skill level 9 in Invocations
 16023 | Lair:3   | Got a steaming blowgun
 16024 | Lair:3   | Identified the cursed -2 blowgun "Hairayw" {speed, MR+ Int+2} (You found it on level 3 of the Lair of Beasts)
 16209 | Lair:4   | Noticed Nergalle
 16219 | Lair:4   | Killed Nergalle
 16434 | Lair:4   | Identified a scroll of acquirement
 16435 | Lair:4   | Got a polished longbow
 16436 | Lair:4   | Identified the +5 longbow of Xom's Generosity {venom, Dex-1} (You acquired it on level 4 of the Lair of Beasts)
 16657 | Lair:4   | Noticed Rupert
 16710 | Lair:5   | Reached skill level 10 in Invocations
 17149 | Lair:5   | Gained mutation: Your flesh is cold resistant. [potion of beneficial mutation]
 17176 | Lair:5   | You fall through a shaft for 3 floors!
 17176 | Lair:8   | Entered Level 8 of the Lair of Beasts
 17443 | Lair:5   | Reached skill level 13 in Hexes
 17627 | Lair:5   | Reached skill level 15 in Stealth
 18014 | Lair:6   | Found a staircase to the Shoals.
 18206 | Lair:6   | Found a staircase to the Snake Pit.
 18784 | Lair:7   | Reached skill level 7 in Spellcasting
 18858 | Lair:7   | Reached XP level 13. HP: 69/93 MP: 13/28
 18921 | Lair:7   | Learned a level 6 spell: Mass Confusion
 19080 | Lair:7   | Found a staircase to the Slime Pits.
 19349 | Lair:7   | Reached skill level 7 in Short Blades
 19815 | Lair:8   | Reached skill level 8 in Short Blades
 20326 | Lair:8   | Noticed a seven-headed hydra
 20331 | Lair:8   | Killed a six-headed hydra
 20361 | Lair:8   | Noticed an eight-headed hydra
 20376 | Lair:8   | Killed a six-headed hydra
 20380 | Lair:8   | Reached skill level 9 in Dodging
 20420 | Lair:8   | Noticed a dire elephant
 20447 | Lair:8   | Killed a dire elephant
 20503 | Lair:8   | Found a burning altar of Makhleb.
 20568 | Lair:8   | Reached skill level 7 in Fighting
 21181 | Lair:7   | Reached skill level 10 in Dodging
 21677 | Lair:8   | Reached skill level 1 in Shields
 21719 | Lair:8   | HP: 9/98 [sixfirhy (11)]
 21719 | Lair:8   | HP: 1/98 [sixfirhy (8)]
 21876 | Lair:8   | Reached skill level 2 in Shields
 21935 | Lair:8   | Reached skill level 3 in Shields
 22024 | Lair:8   | Found a gateway to Hell.
 22204 | Lair:7   | Reached skill level 4 in Shields
 22402 | Orc:1    | Entered Level 1 of the Orcish Mines
 22833 | Orc:1    | Noticed Prince Ribbit
 22846 | Orc:1    | Killed Prince Ribbit
 23236 | Orc:1    | Found a roughly hewn altar of Beogh.
 23252 | Orc:1    | Reached skill level 5 in Shields
 23262 | Orc:1    | Reached XP level 14. HP: 50/104 MP: 3/29
 23763 | Orc:3    | Reached skill level 8 in Fighting
 24095 | Orc:3    | Found a staircase to the Elven Halls.
 24222 | Orc:2    | Found Schuot's Assorted Antiques.
 24511 | Orc:4    | Entered Level 4 of the Orcish Mines
 24511 | Orc:4    | Found a bloodstained altar of Trog.
 24516 | Orc:4    | Noticed an orc warlord
 24756 | Orc:4    | Found Guakiapt's Antique Armour Shop.
 24757 | Orc:4    | Paralysed by an orc sorcerer for 7 turns
 25097 | Orc:4    | Found Weco's Antique Weapon Boutique.
 25237 | Orc:4    | Reached skill level 9 in Fighting
 25263 | Orc:4    | Found Biamn's General Store.
 25330 | Orc:4    | Found Fibien's Jewellery Boutique.
 25411 | Orc:4    | Bought the amulet of Econidoi {rMut Slay+4} for 638 gold pieces
 25411 | Orc:4    | Bought the ring of Jaanuocw {MP+9 Dex+5 Int+3} for 438 gold pieces
 25706 | Snake:1  | Entered Level 1 of the Snake Pit
 25764 | Snake:1  | Found Gracet's Jewellery Emporium.
 25826 | Snake:1  | Bought a +4 ring of dexterity for 378 gold pieces
 25878 | Snake:1  | Found Ydghog's Magic Scroll Boutique.
 25998 | Snake:1  | Bought a scroll of brand weapon for 300 gold pieces
 26000 | Snake:1  | Bought a scroll of brand weapon for 300 gold pieces
 26104 | Snake:1  | Reached skill level 11 in Dodging
 26822 | Snake:2  | Reached skill level 12 in Dodging
 27189 | Snake:2  | Noticed Amnekian's ghost (mighty OgHu)
 27202 | Snake:2  | Found Casha's Assorted Antiques.
 27207 | Snake:2  | Bought a transparent leather armour for 196 gold pieces
 27207 | Snake:2  | Bought a scroll of identify for 56 gold pieces
 27207 | Snake:2  | Bought a scroll of identify for 56 gold pieces
 27207 | Snake:2  | Bought a scroll of identify for 56 gold pieces
 27207 | Snake:2  | Bought a metal-bound book for 420 gold pieces
 27289 | Snake:2  | Identified the cursed -2 leather armour of Coreis {Str-4} (You bought it in a shop on level 2 of the Snake Pit)
 27554 | Snake:2  | Reached skill level 13 in Dodging
 27852 | Snake:2  | Reached skill level 16 in Stealth
 28807 | Snake:3  | Reached skill level 17 in Stealth
 29000 | Snake:3  | Reached XP level 15. HP: 100/113 MP: 27/29
 29396 | Snake:3  | Reached skill level 18 in Stealth
 29894 | Snake:3  | Reached skill level 19 in Stealth
 30654 | Snake:4  | Noticed Aizul
 30660 | Snake:4  | Killed Aizul
 30871 | Snake:4  | Reached skill level 20 in Stealth
 31261 | Snake:4  | Reached skill level 21 in Stealth
 32206 | Elf:1    | Entered Level 1 of the Elven Halls
 32219 | Elf:1    | Reached skill level 14 in Hexes
 33028 | Elf:1    | Cast into the Abyss (deep elf sorcerer)
 33368 | Abyss:1  | Noticed a bone dragon
 33428 | Abyss:1  | Reached skill level 10 in Fighting
 33467 | Abyss:1  | Noticed a daeva
 33574 | Abyss:1  | Found a corrupted altar of Lugonu.
 33577 | Abyss:1  | Noticed a tentacled starspawn
 33655 | Abyss:1  | Found an ancient bone altar of Kikubaaqudgha.
 33759 | Abyss:1  | Found a corrupted altar of Lugonu.
 33963 | Abyss:1  | Noticed a lich
 34069 | Abyss:1  | Noticed a lich
 34075 | Abyss:1  | Noticed an Ice Fiend
 34077 | Abyss:1  | Noticed a Shadow Fiend
 34249 | Abyss:1  | Noticed a tentacled starspawn
 34268 | Abyss:1  | Killed a tentacled starspawn
 34268 | Abyss:1  | Reached skill level 15 in Hexes
 34339 | Abyss:1  | Reached XP level 16. HP: 84/122 MP: 30/30
 34348 | Abyss:1  | Found a blossoming altar of Fedhas.
 34428 | Elf:1    | Escaped the Abyss
 34432 | Elf:1    | Noticed Asterion
 34433 | Elf:1    | Killed Asterion
 34731 | Shoals:1 | Entered Level 1 of the Shoals
 34748 | Shoals:1 | Reached skill level 1 in Long Blades
 34861 | Shoals:1 | Reached skill level 2 in Long Blades
 35026 | Shoals:1 | Reached skill level 3 in Long Blades
 35309 | Shoals:2 | Noticed Donald
 35318 | Shoals:2 | Killed Donald
 35318 | Shoals:2 | Reached skill level 4 in Long Blades
 35345 | Shoals:2 | Reached skill level 5 in Long Blades
 35480 | Shoals:2 | Reached skill level 6 in Long Blades
 35946 | Shoals:3 | Reached skill level 7 in Long Blades
 36103 | Shoals:3 | Found Grax's Magic Scroll Emporium.
 36497 | Shoals:3 | Bought a scroll of enchant weapon for 112 gold pieces
 36497 | Shoals:3 | Bought a scroll of acquirement for 780 gold pieces
 36555 | Shoals:3 | Bought a scroll of blinking for 112 gold pieces
 36555 | Shoals:3 | Bought a scroll of recharging for 142 gold pieces
 36555 | Shoals:3 | Bought 3 scrolls of identify for 90 gold pieces
 36748 | Shoals:4 | Reached skill level 8 in Long Blades
 37076 | Shoals:4 | Reached skill level 9 in Long Blades
 37638 | Snake:5  | Entered Level 5 of the Snake Pit
 37759 | Snake:5  | Reached skill level 10 in Long Blades
 38261 | Snake:5  | Reached skill level 11 in Long Blades
 38857 | Snake:5  | Reached XP level 17. HP: 113/129 MP: 31/31
 38900 | Snake:5  | Reached skill level 12 in Long Blades
 38979 | Snake:5  | HP: 2/129 [greater naga (18)]
 38979 | Snake:5  | Slain by a greater naga

Vanquished Creatures
  Asterion (Elf:1)
  2 greater nagas
  Donald (Shoals:2)
  Aizul (Snake:4)
  Gastronok (Lair:3)
  A dire elephant (Lair:8)
  2 merfolk javelineers
  A great orb of eyes (Abyss:1)
  14 naga warriors
  7 hydras
  A centaur warrior (Volcano)
  2 merfolk avatars
  A merfolk aquamancer (Shoals:4)
  16 anacondas
  2 death yaks
  2 thrashing horrors (Abyss:1)
  2 orc high priests
  7 naga sharpshooters
  A soul eater (Snake:5)
  5 shock serpents
  Nergalle (Lair:4)
  A salamander mystic (Snake:5)
  2 large abominations (Abyss:1)
  2 deep elf knights (Elf:1)
  6 naga ritualists
  3 orc knights
  3 wizards
  2 deep elf summoners (Elf:1)
  A starcursed mass (Abyss:1)
  12 sea snakes
  5 mana vipers
  3 harpies (Shoals:4)
  2 deep elf conjurers (Elf:1)
  A hill giant (D:10)
  8 griffons
  The ghost of Ololoev the Frost Mage, an experienced OpIE of Vehumet (D:7)
  2 cyclopes
  12 salamanders
  A necromancer (Lair:7)
  4 manticores
  9 fauns
  3 water nymphs
  41 black mambas
  A sixfirhy (Lair:8)
  3 orange demons (Lair:8)
  4 guardian serpents
  6 sirens
  2 torpor snails
  A smoke demon (Lair:8)
  16 spiny frogs
  8 naga magi
  6 komodo dragons
  3 deep elf priests (Elf:1)
  3 hellwings
  A freezing wraith (Abyss:1)
  2 red devils (Lair:8)
  22 merfolk
  3 blue devils (Lair:8)
  A troll (Orc:4)
  5 wind drakes
  Prince Ribbit (Orc:1)
  16 blink frogs
  3 two-headed ogres
  A basilisk (Lair:6)
  8 snapping turtles
  24 yaks
  A wraith (D:10)
  5 fire bats
  3 water elementals (Shoals:4)
  7 deep elf magi (Elf:1)
  2 ynoxinuls (Abyss:1)
  A hill giant zombie (D:8)
  A black mamba skeleton (Abyss:1)
  2 deep elf fighters (Elf:1)
  A wyvern (D:9)
  4 wolves
  A hungry ghost (D:7)
  A neqoxec (Abyss:1)
  2 golden eyes (Abyss:1)
  3 wargs
  11 hippogriffs
  44 nagas
  11 swamp worms (Lair:5)
  37 water moccasins
  A mottled dragon (D:7)
  4 slaves (D:4)
  5 sky beasts
  Purgy (D:4)
  2 phantoms
  A black bear (D:10)
  2 ice beasts (D:9)
  A necrophage (D:5)
  17 porcupines
  5 hell hounds
  19 orc warriors
  A boring beetle (Lair:7)
  Duvessa (D:5)
  10 centaurs
  5 ogres
  A big kobold (D:9)
  A komodo dragon zombie (Lair:7)
  3 elf zombies (Ossuary)
  17 crocodiles
  9 giant frogs
  2 small abominations (Abyss:1)
  21 killer bees
  2 scorpions (D:9)
  A vampire bat (Orc:3)
  2 spriggan skeletons (D:9)
  A troll skeleton (D:9)
  2 goliath beetles
  2 lava snakes (Volcano)
  Dowan (D:5)
  4 electric eels
  2 jellies (D:10)
  4 crimson imps
  A human zombie (Ossuary)
  A basilisk zombie (Lair:7)
  2 centaur skeletons
  Crazy Yiuf (D:7)
  3 quasits (Abyss:1)
  8 hounds
  19 orc priests
  A giant frog skeleton (D:4)
  A black bear skeleton (D:7)
  5 iguanas
  An iron imp (Abyss:1)
  17 orc wizards
  37 sheep
  A worker ant (D:7)
  An elf skeleton (D:10)
  A big kobold zombie (D:8)
  An ogre zombie (D:5)
  A hound zombie (D:10)
  4 mummies (Ossuary)
  30 adders
  12 gnolls
  An orc skeleton (D:8)
  44 green rats
  2 shadow imps
  3 giant mites
  8 worms
  2 ufetubi (Abyss:1)
  An electric eel zombie (Lair:7)
  7 giant geckos
  3 oozes
  147 orcs
  5 ball pythons
  24 bats
  4 giant cockroaches
  A gnoll zombie (Ossuary)
  17 goblins
  23 hobgoblins
  21 jackals
  28 kobolds
  5 quokkas
  2 giant gecko skeletons
  A giant gecko zombie (D:5)
  3 giant newts
  A goblin zombie (Ossuary)
  2 hobgoblin zombies (Ossuary)
  A jackal zombie (Ossuary)
  A kobold zombie (Ossuary)
  2 orc zombies (Ossuary)
  A quokka skeleton (D:4)
  10 rats
  2 rat skeletons (D:4)
  3 fungi (Lair:8)
  5 plants
  A starspawn tentacle (Abyss:1)
1151 creatures vanquished.

Vanquished Creatures (collateral kills)
  A tentacled starspawn (Abyss:1)
  A greater naga (Snake:5)
  A hydra (Lair:8)
  3 naga warriors (Snake:5)
  3 anacondas
  A thrashing horror (Abyss:1)
  An orc high priest (Orc:4)
  2 naga sharpshooters (Snake:5)
  An ice devil (Snake:5)
  3 sea snakes (Snake:5)
  A harpy (Shoals:4)
  A naga ritualist (Snake:4)
  4 starcursed masses (Abyss:1)
  2 mana vipers (Snake:5)
  An orc sorcerer (Orc:4)
  A manticore (Shoals:2)
  A salamander (Snake:3)
  A sixfirhy (Abyss:1)
  4 black mambas
  An orange demon (Abyss:1)
  A smoke demon (Abyss:1)
  7 naga magi
  2 blink frogs
  10 yaks
  10 nagas
  2 swamp worms (Lair:5)
  3 wolves (Lair:2)
  A water moccasin (Lair:8)
  An orc warrior (Orc:1)
  An ogre (Orc:4)
  A crocodile (Lair:8)
  A quasit (Abyss:1)
  An orc priest (Orc:4)
  3 sheep
  An adder (D:10)
  5 green rats
  4 orcs
  2 green rat zombies (Lair:7)
  A hobgoblin (Orc:4)
  A starspawn tentacle (Abyss:1)
92 creatures vanquished.

Vanquished Creatures (others)
  An Executioner (Snake:5)
  A balrug (Abyss:1)
  A green death (Abyss:1)
  An orange demon (Orc:4)
  A yak (Lair:1)
  2 ynoxinuls
  2 neqoxecs
  A sky beast (D:10)
  A quasit (Lair:8)
  A hound (D:10)
  An iron imp (Snake:5)
  A white imp (Lair:8)
  11 ufetubi
  18 fungi
  12 plants
  142 starspawn tentacle segments (Abyss:1)
197 creatures vanquished.

Grand Total: 1440 creatures vanquished
